 Dungeon Crawl Stone Soup version 0.28.0-43-g3370ac3207 (webtiles) character file.

Game seed: 15290220777647207243

401 NinjaNoafa the Skirmisher (level 6, 0/52 HPs)
             Began as a Hill Orc Fighter on Apr 1, 2022.
             Was an Initiate of Cheibriados.
             Shot with an arrow by a centaur (8 damage)
             ... on level 4 of the Dungeon.
             The game lasted 00:14:50 (3077 turns).

NinjaNoafa the Skirmisher (Hill Orc Fighter)        Turns: 3077, Time: 00:14:51

Health: 0/52       AC:  8    Str: 22    XL:     6   Next: 85%
Magic:  18/18      EV:  9    Int:  9    God:    Cheibriados [......]
Gold:   132        SH:  4    Dex: 11    Spells: 9/9 levels left

rFire   + . .      SeeInvis .   l - +6 hand axe of Mant {venom, rPois}
rCold   + . .      Faith    .   c - +0 buckler
rNeg    . . .      Spirit   .   b - +0 scale mail
rPois   +          Reflect  .   (no helmet)
rElec   +          Harm     .   (no cloak)
rCorr   +          Rampage  .   q - +0 pair of gloves
Will    .....                   (no boots)
Stlth   ..........              (no amulet)
HPRegen 0.17/turn               g - ring of magical power
MPRegen 0.16/turn               e - ring of wizardry

@: resistant, very slow
A: no striking features
a: Renounce Religion, Convert to Beogh


You were on level 4 of the Dungeon.
You worshipped Cheibriados.
Cheibriados was noncommittal.
You visited 1 branch of the dungeon, and saw 4 of its levels.

You collected 132 gold pieces.

Inventory:

Hand Weapons
 a - a +0 war axe
 h - a +2 dagger of venom
 l - the +6 hand axe of Mant (weapon) {venom, rPois}
   (You found it on level 2 of the Dungeon)

   It poisons the flesh of those it strikes.
   rPois:     It protects you from poison.
Missiles
 k - 85 stones (quivered)
Armour
 b - a +0 scale mail (worn)
 c - a +0 buckler (worn)
 q - a +0 pair of gloves (worn)
Jewellery
 e - a ring of wizardry (right hand)
 g - a ring of magical power (left hand)
Wands
 m - a wand of polymorph (9)
 n - a wand of flame (11)
Scrolls
 r - a scroll of enchant armour {unknown}
 t - a scroll of summoning {unknown}
Potions
 d - a potion of might
 f - a potion of haste {unknown}
 i - a potion of lignification {unknown}
 j - a potion of resistance
 o - a potion of brilliance {unknown}
 p - a potion of invisibility {unknown}
 u - a potion of heal wounds {unknown}
 v - a potion of mutation {unknown}


   Skills:
 - Level 4.1 Fighting
 - Level 3.3 Axes
 - Level 4.0 Armour
 - Level 3.6 Shields
 + Level 2.2 Spellcasting
 + Level 3.1 Conjurations
 + Level 3.1 Summonings


You had 9 spell levels left.
You didn't know any spells.
Your spell library contained the following spells:

 Spells                   Type           Power      Damage    Failure   Level
 Magic Dart               Conj           24%        1d4       12%         1
 Call Imp                 Summ           6%         N/A       17%         2
 Sublimation of Blood     Necr           1%         N/A       52%         2
 Stone Arrow              Conj/Erth      6%         3d7       52%         3
 Mephitic Cloud           Conj/Pois/Air  2%         N/A       61%         3
 Confusing Touch          Hex            1%         N/A       75%         3
 Gell's Gravitas          Tloc           1%         N/A       75%         3
 Teleport Other           Tloc           1%         N/A       75%         3
 Animate Armour           Summ/Erth      6%         N/A       89%         4
 Petrify                  Tmut/Erth      1%         N/A       98%         4
 Irradiate                Conj/Tmut      1%         3d14      99%         5
 Yara's Violent Unravell  Hex/Tmut       0%         3d3       100%        5
 Dispersal                Tloc           0%         N/A       100%        6
 Enfeeble                 Hex            0%         N/A       100%        7
 Lehudib's Crystal Spear  Conj/Erth      1%         10d2      100%        8


Dungeon Overview and Level Annotations

Branches:
Dungeon (4/15)             Temple (0/1) D:4

Altars:
Cheibriados

Shops:
D:1 [[   D:2 (

Annotations:
D:4 Blork the orc


Message History

The orc priest shouts!
A giant cockroach comes into view.
The orc priest mumbles some strange prayers to Beogh against you.
Beogh smites you!
A ball python comes into view.
The ball python hisses angrily.
As you read the scroll of identify, it crumbles to dust.
s - a scroll of teleportation
As you read the scroll of teleportation, it crumbles to dust.
You feel strangely unstable. The orc closely misses you.
Blork the orc hits you with a +0 battleaxe!
The giant cockroach closely misses you.
The orc priest looks encouraged for a moment.
The giant cockroach bites you. Blork the orc barely misses you.
The centaur wields a +0 shortbow.
The centaur shoots an arrow.
The arrow barely misses you.
Your surroundings suddenly seem different.
Found a book of Debilitation and 15 stones.
Found a leather armour.
Found a scroll labelled KAMPIA ROROLI.
The centaur shoots an arrow.
The arrow closely misses you.
You see here a book of Debilitation.
The centaur shoots an arrow.
The arrow hits you!
The centaur shoots an arrow.
The arrow hits you.
* * * LOW HITPOINT WARNING * * *
You see here a scroll labelled KAMPIA ROROLI.
r - a scroll labelled KAMPIA ROROLI The centaur shoots an arrow.
The arrow hits you.
* * * LOW HITPOINT WARNING * * *
Unknown command.
Aiming: Polymorph
Press: ? - help, Shift-Dir - straight line, f - centaur
Aim: a centaur, wielding a +0 shortbow and quivering arrows (will become a swamp drake, a wolf, or a hobgoblin, chance to affect: 49%)
The centaur resists with some effort.
The centaur shoots an arrow.
The arrow barely misses you.
You hear a shout!
You feel protected.
You hear a shout!
The centaur shoots an arrow.
The arrow hits you!
You die...

....#
..######.#.#.#..#B#.#...#
#..###.##
#.#.....#o#o#c#..#
#..###.
#.####...#n>$#o....
#..#...#######.#
#..#S#.#.#.###.
##.........##..#
#...#.#o#.o# #....#
##...#Z#..... ###..#
#...........
#####..#######oo........
#.......:@....c##.....#
..^......(.[.......####
#.####.##.####...# .
#.##.# ... ..##.. #
........ .... ...## ...
....#


You could see Blork the orc, a centaur and an orc priest.

Vanquished Creatures
  A water moccasin (D:3)
  A bullfrog skeleton (D:4)
  2 jellies
  An orc priest (D:3)
  A hound (D:4)
  Ijyb (D:4)
  A hound skeleton (D:4)
  A howler monkey skeleton (D:3)
  3 adders
  2 dart slugs
  7 orcs (D:3)
  10 endoplasms
  3 giant cockroaches
  7 goblins
  6 hobgoblins
  6 kobolds
  A quokka (D:1)
  3 ball pythons (D:1)
  4 bats
  A frilled lizard (D:2)
  7 rats
69 creatures vanquished.

Vanquished Creatures (others)
  6 toadstools (D:4)
6 creatures vanquished.

Grand Total: 75 creatures vanquished

Notes
Turn   | Place    | Note
-------+----------+-------------------------------------------
     0 | D:1      | NinjaNoafa the Hill Orc Fighter began the quest for the
                  | Orb.
     0 | D:1      | Reached XP level 1. HP: 19/19 MP: 1/1
   173 | D:1      | Found Egofipp's Antique Armour Boutique.
   294 | D:1      | Reached XP level 2. HP: 25/27 MP: 2/2
   735 | D:1      | Found Bodgheseo's Antique Armour Emporium.
   882 | D:1      | Reached XP level 3. HP: 33/33 MP: 3/3
  1320 | D:2      | Found Faoxats's Antique Weapon Shoppe.
  1410 | D:2      | Identified the +6 hand axe of Mant {venom, rPois}
  1537 | D:2      | Reached XP level 4. HP: 40/40 MP: 4/4
  1864 | D:3      | Reached skill level 1 in Summonings
  1930 | D:3      | Reached skill level 1 in Spellcasting
  1930 | D:3      | Reached skill level 1 in Conjurations
  1992 | D:3      | Reached XP level 5. HP: 41/46 MP: 6/6
  2175 | D:3      | Found a snail-covered altar of Cheibriados.
  2183 | D:3      | Noticed a water moccasin
  2188 | D:3      | Became a worshipper of Cheibriados the Contemplative
  2662 | D:3      | Killed a water moccasin
  2663 | D:3      | Reached XP level 6. HP: 32/52 MP: 8/8
  2869 | D:4      | Noticed Ijyb
  2875 | D:4      | Killed Ijyb
  3058 | D:4      | Found a staircase to the Ecumenical Temple.
  3060 | D:4      | Noticed Blork the orc
  3061 | D:4      | Noticed a necrophage
  3077 | D:4      | Shot with an arrow by a centaur

Illustrated notes

Levels and vault maps discovered:
D:1:      dpeg_arrival_refuge, layout_basic, serial_shops, shop, shop
D:2:      layout_rooms, serial_shops, shop
D:3:      layout_loops_ring, mainiacjoe_overflow_concentric_impassable,
          minmay_close_crescents
D:4:      cheibrodos_fertilizer, layout_rooms, minmay_temple_entry_grid,
          uniq_pikel, uniq_blork_the_orc, uniq_ijyb

Skill      XL: |  1  2  3  4  5  6 |
---------------+-------------------+-----
Axes           | 3 |  3.3
Fighting       | 4 |  4.1
Armour         | 4 |  4.0
Summonings     | 1 2 3 |  3.1
Spellcasting   | 1 2 |  2.2
Conjurations   | 1 2 3 |  3.1
Shields        | |  3.6

Action                   |  1- 3 |  4- 6 || total
-------------------------+-------+-------++-------
Melee: War axe           |    91 |       ||    91
       Dagger            |     4 |       ||     4
       Hand axe          |    10 |    69 ||    79
Throw: Stone             |    19 |     2 ||    21
Evoke: Wand              |       |     1 ||     1
  Use: Potion            |     1 |     1 ||     2
       Scroll            |       |     4 ||     4
Armor: Scale mail        |    64 |    17 ||    81
Dodge: Dodged            |    60 |    32 ||    92
Block: Buckler           |    36 |     9 ||    45
